 Dungeon Crawl Stone Soup version 0.20.0-15-g7f486f2 (webtiles) character file.

58 Azzok the Firebug (level 3, 0/19 HPs)
             Began as a Deep Elf Fire Elementalist on June 14, 2017.
             Succumbed to an adder's poison
             ... on level 2 of the Dungeon.
             The game lasted 00:03:44 (1776 turns).

Azzok the Firebug (Deep Elf Fire Elementalist)      Turns: 1776, Time: 00:03:44

Health: 0/19       AC:  3    Str:  5    XL:     3   Next: 75%
Magic:  0/9        EV: 13    Int: 25    God:
Gold:   57         SH:  0    Dex: 15    Spells: 4/8 levels left

rFire    . . .     SeeInvis .   f - -2 short sword (curse)
rCold    . . .     Gourm    .   (no shield)
rNeg     . . .     Faith    .   a - +0 robe
rPois    .         Spirit   .   (no helmet)
rElec    .         Reflect  .   (no cloak)
rCorr    .         Harm     .   (no gloves)
MR       .....                  l - +0 pair of boots
Stlth    ++........             (no amulet)
Regen    0.1/turn               (no ring)
MPRegen  0.2/turn               (no ring)

@: brilliant, lethally poisoned (0 -> -13), berserk cooldown, slowed, very slow
A: no striking features
a: no special abilities


You were on level 2 of the Dungeon.
You were not hungry.

You visited 1 branch of the dungeon, and saw 2 of its levels.

You collected 57 gold pieces.

Inventory:

Hand Weapons
 f - a cursed -2 short sword (weapon)
Armour
 a - a +0 robe (worn)
 l - a +0 pair of boots (worn)
Scrolls
 d - a scroll of enchant weapon {unknown}
 e - a scroll of recharging {unknown}
 g - 2 scrolls of identify {unknown}
 j - a scroll of teleportation {unknown}
 m - a scroll of enchant armour {unknown}
 n - 4 scrolls of noise {unknown}
 o - a scroll of random uselessness {unknown}
Books
 b - a book of Flames

   Spells                             Type                      Level
   a - Flame Tongue                   Conjuration/Fire             1
   b - Throw Flame                    Conjuration/Fire             2
   c - Conjure Flame                  Conjuration/Fire             3
   d - Inner Flame                    Hexes/Fire                   3
   e - Sticky Flame                   Conjuration/Fire             4
   f - Fireball                       Conjuration/Fire             5
Comestibles
 c - a bread ration
 h - 2 meat rations
 p - 3 chunks of flesh


   Skills:
 - Level 2.4 Dodging
 - Level 2.4 Stealth
 - Level 3.0 Spellcasting
 + Level 2.7 Conjurations
 + Level 4.4 Fire Magic


You had 4 spell levels left.
You knew the following spells:

 Your Spells              Type           Power        Failure   Level  Hunger
a - Flame Tongue          Conj/Fire      #####        1%          1    None
b - Conjure Flame         Conj/Fire      #####...     1%          3    ###....


Dungeon Overview and Level Annotations

Branches:
Dungeon (2/15)

Altars:
Elyvilon


Message History

There is a lethal amount of poison in your body!
It was a potion of berserk rage.
A red film seems to cover your vision as you go berserk!
You feel yourself moving faster!
You feel mighty!
* * * LOW HITPOINT WARNING * * *
You feel sick.
You are too berserk!
You feel a strong urge to attack something.
* * * LOW HITPOINT WARNING * * *
You feel sick.
You feel your anger subside.
* * * LOW HITPOINT WARNING * * *
You feel sick.
You are no longer berserk.
You are exhausted.
You feel yourself slow down.
There is a lethal amount of poison in your body!
It was a potion of brilliance.
You feel clever all of a sudden.
You die...

▒▒▒·▒▒▒▒▒▒▒▒
▒▒▒▒▒▒▒·▒
··▒>········
!······▒▒
··▒▒▒▒▒▒▒▒▒▒▒
▒···<····
············▒▒▒▒†▒
··▒▒▒▒▒▒······▒▒·▒
··▒ ▒·▒▒·▒·▒▒·▒
▒▒▒ ▒·▒▒·▒·▒▒·▒ ▒
▒·▒▒·▒·▒▒·▒
▒·▒▒·▒·▒▒@▒
▒·▒▒·▒·▒▒·▒
▒·▒▒·▒·▒▒·▒
▒·▒▒·▒····▒
▒·▒▒▒▒▒▒


There were no monsters in sight!

Vanquished Creatures
  3 adders (D:2)
  A worm (D:2)
  A leopard gecko (D:1)
  2 giant cockroaches
  2 goblins
  5 hobgoblins
  A quokka (D:2)
  3 bats
  2 frilled lizards (D:1)
  3 kobolds
  6 rats
29 creatures vanquished.

Notes
Turn   | Place    | Note
-------+----------+-------------------------------------------
     0 | D:1      | Azzok the Deep Elf Fire Elementalist began the quest for the Orb.
     0 | D:1      | Reached XP level 1. HP: 10/10 MP: 6/6
   358 | D:1      | Reached XP level 2. HP: 15/15 MP: 1/8
   963 | D:2      | Found a white marble altar of Elyvilon.
  1440 | D:2      | Reached skill level 4 in Fire Magic
  1681 | D:2      | Reached XP level 3. HP: 19/19 MP: 6/9
  1730 | D:2      | Learned a level 3 spell: Conjure Flame
  1776 | D:2      | Succumbed to an adder's poison

Skill      XL: |  1  2 |
---------------+-------+-----
Conjurations   | 2 |  2.7
Fire Magic     | 4 |  4.4
Dodging        | |  2.4
Stealth        | |  2.4
Spellcasting   | |  3.0

Action                   || total
-------------------------++-------
Melee: Short sword       ||     8
 Cast: Flame Tongue      ||    76
  Use: Potion            ||     2
  Eat: Chunk             ||     2
Armor: Robe              ||     9
Dodge: Dodged            ||    30
